 Dungeon Crawl Stone Soup version 0.29.0-4-gdea44cf6ec (webtiles) character file.

Game seed: 12019978796797464836

200 qw the Chopper (level 5, 0/30 HPs)
             Began as a Tengu Warper on Aug 29, 2022.
             Killed by nerve-wracking pain
             ... invoked by an orc priest
              (11 damage)
             ... on level 3 of the Dungeon.
             The game lasted 00:02:55 (3264 turns).

qw the Chopper (Tengu Warper)                       Turns: 3264, Time: 00:02:56

Health: 0/30       AC:  6    Str: 13    XL:     5   Next: 79%
Magic:  9/9        EV: 14    Int: 13    God:
Gold:   79         SH:  0    Dex: 14    Spells: 8/8 levels left

rFire   . . .      SeeInvis .   Y - +1 hand axe
rCold   . . .      Faith    .   (no shield)
rNeg    . . .      Spirit   .   b - +0 leather armour
rPois   .          Reflect  .   (helmet restricted)
rElec   .          Harm     .   l - +1 cloak
rCorr   .          Rampage  .   n - +0 pair of gloves
Will    .....                   (boots unavailable)
Stlth   +.........              (no amulet)
HPRegen 0.10/turn               (no ring)
MPRegen 0.11/turn               (no ring)

@: flying quickly and evasively, quick
A: beak, talons 3, nimble flight
a: no special abilities


You were on level 3 of the Dungeon.
You visited 1 branch of the dungeon, and saw 3 of its levels.

You collected 79 gold pieces.


Innate Abilities, Weirdness & Mutations

You have a beak for a mouth.
You have claws for feet.
Your magical nature lets you fly swiftly and evasively.


   Skills:
 - Level 2.0 Fighting
 + Level 6.4 Axes
 - Level 1.0 Throwing
 - Level 1.1 Armour
 - Level 2.1 Dodging
 - Level 2.0 Spellcasting
 - Level 2.4 Translocations


You had 8 spell levels left.
You didn't know any spells.
Your spell library contained the following spells:

 Spells                   Type           Power      Damage    Failure   Level
 Blink                    Tloc           14%        N/A       19%         2
 Gell's Gravitas          Tloc           7%         N/A       36%         3
 Lesser Beckoning         Tloc           7%         N/A       36%         3
 Teleport Other           Tloc           7%         N/A       36%         3
 Manifold Assault         Tloc           7%         N/A       98%         5

Inventory:

Hand Weapons
 o - a +0 whip
 Y - a +1 hand axe (weapon)
Armour
 b - a +0 leather armour (worn)
 l - a +1 cloak (worn)
 n - a +0 pair of gloves (worn)
Scrolls
 a - a scroll of identify
 f - a scroll of teleportation
Potions
 c - a potion of mutation
 d - 2 potions of curing
 e - a potion of cancellation {unknown}
 g - a potion of brilliance {unknown}
 h - a potion of magic {unknown}

Dungeon Overview and Level Annotations

Branches:
Dungeon (3/15)

Altars:


Message History

An orc priest comes into view. It is wielding a +0 trident.
3251 ||| Stepping ~*~*~tactically~*~*~ (stealth).
3252 ||| Stepping ~*~*~tactically~*~*~ (stealth).
You hit the orc. Your kick misses the orc. You peck the orc.
The orc is almost dead.
The orc barely misses you.
You closely miss the orc.
The orc is almost dead.
The orc hits you but does no damage.
You hit the orc.
You kill the orc!
An orc priest and an orc come into view.
The orc priest shouts!
Things that are here:
a +0 dagger; an orc corpse
3258 ||| Stepping ~*~*~tactically~*~*~ (hiding).
You start waiting.
An orc priest is nearby!
An orc wizard comes into view. It is wielding a +0 dagger.
The orc priest hits you with a +0 trident.
Things that are here:
a +0 dagger; an orc corpse The orc wizard shouts!
You hit the orc priest.
You claw the orc priest, but do no damage.
Your peck misses the orc priest.
The orc priest is moderately wounded.
The orc priest hits you with a +0 trident.
You hit the orc priest.
You claw the orc priest, but do no damage.
Your peck misses the orc priest.
The orc priest is heavily wounded.
The orc priest mumbles some strange prayers to Beogh against you.
Pain shoots through your body!
The orc shouts!
You hit the orc priest. Your kick misses the orc priest.
The orc priest is severely wounded.
The orc priest invokes the aid of Beogh against you.
Pain shoots through your body!
You die...

#..... ....(.. .
..... . .... ##.
... ..# #### #.#
#.#
o...o##.#####.#
#...$.o....##.#
.##.##@......# #
## #.......#.# #.
#.##.##.#.# #.
#.##......#######.
#.#####.##........
#.#####.......#.#.
#.......##.##.#.#.
#######.##.##.#<%.
#.##.##.#...


You could see an orc priest, an orc wizard and an orc.

Vanquished Creatures
  2 orc wizards (D:2)
  Robin (D:2)
  6 adders (D:2)
  A worm (D:2)
  3 dart slugs
  3 orcs
  3 bats
  7 endoplasms
  3 giant cockroaches (D:1)
  15 goblins
  7 hobgoblins
  6 kobolds
  3 quokkas
  5 ball pythons
  4 frilled lizards
  3 rats
72 creatures vanquished.

Notes
Turn   | Place    | Note
-------+----------+-------------------------------------------
     0 | D:1      | qw the Tengu Warper began the quest for the Orb.
     0 | D:1      | Reached XP level 1. HP: 12/12 MP: 4/4
     0 | D:1      | 0 ||| qw: Version: 0.1-a-89-g26bdef1
     0 | D:1      | 0 ||| qw: Game counter: 3614
     0 | D:1      | 0 ||| qw: Always use a shield: true
     0 | D:1      | 0 ||| qw: God list: Okawaru
     0 | D:1      | 0 ||| qw: Allow faded altars: false
     0 | D:1      | 0 ||| qw: Do Orc after D:15 true
     0 | D:1      | 0 ||| qw: Do second Lair branch before Depths: true
     0 | D:1      | 0 ||| qw: Lair rune preference: random
     0 | D:1      | 0 ||| qw: Plans: Normal
     0 | D:1      | 0 ||| PLANNING D:1-11
    78 | D:1      | 78 ||| Stepping ~*~*~tactically~*~*~ (stealth).
    81 | D:1      | Reached XP level 2. HP: 17/17 MP: 6/6
    83 | D:1      | Reached skill level 3 in Axes
    86 | D:1      | 86 ||| Stepping ~*~*~tactically~*~*~ (stealth).
    89 | D:1      | 89 ||| Stepping ~*~*~tactically~*~*~ (stealth).
   314 | D:1      | Reached XP level 3. HP: 20/21 MP: 7/7
   388 | D:1      | 388 ||| Stepping ~*~*~tactically~*~*~ (stealth).
   604 | D:1      | 604 ||| DROPPING +0 club.
   729 | D:1      | Reached skill level 4 in Axes
   938 | D:1      | 938 ||| UPGRADING to +1 cloak.
   943 | D:1      | 943 ||| UPGRADING to +0 pair of gloves.
   948 | D:1      | 948 ||| READING 2 scrolls labelled OXTUKA OF XINT.
   949 | D:1      | 949 ||| READING scroll labelled YRHUCU QAECOCRU.
   950 | D:1      | 950 ||| READING scroll labelled MATETTACZE.
   951 | D:1      | 951 ||| READING scroll labelled MATISTROROSH.
   952 | D:1      | 952 ||| READING scroll labelled TEX MEAG BUA.
   955 | D:1      | 955 ||| DROPPING scroll of blinking.
   986 | D:2      | 986 ||| Stepping ~*~*~tactically~*~*~ (stealth).
  1001 | D:2      | 1001 ||| FLEEEEING.
  1002 | D:2      | 1002 ||| FLEEEEING.
  1003 | D:2      | 1003 ||| STAIRDANCE
  1137 | D:2      | Noticed Robin
  1138 | D:2      | 1138 ||| Stepping ~*~*~tactically~*~*~ (hiding).
  1150 | D:2      | HP: 3/21 [goblin/+0 club[Robin] (6)]
  1153 | D:2      | Killed Robin
  1154 | D:2      | Reached XP level 4. HP: 4/26 MP: 8/8
  1162 | D:2      | HP: 1/26 [goblin/sling bullet[Robin] (4)]
  1175 | D:2      | HP: 1/26 [frilled lizard (1)]
  1518 | D:2      | Reached skill level 5 in Axes
  1653 | D:2      | 1653 ||| Stepping ~*~*~tactically~*~*~ (stealth).
  1695 | D:2      | 1695 ||| FLEEEEING.
  1696 | D:2      | 1696 ||| FLEEEEING.
  1697 | D:2      | 1697 ||| FLEEEEING.
  1714 | D:2      | 1714 ||| FLEEEEING.
  1715 | D:2      | 1715 ||| FLEEEEING.
  1721 | D:2      | 1721 ||| STAIRDANCE
  1785 | D:1      | 1785 ||| DRINKING 2 bubbling puce potions.
  1829 | D:1      | 1829 ||| DROPPING potion of lignification.
  1855 | D:2      | 1855 ||| FLEEEEING.
  1858 | D:2      | 1858 ||| STAIRDANCE
  1949 | D:2      | Gained mutation: Your magical nature lets you fly swiftly
                  | and evasively. [Tengu growth]
  1949 | D:2      | Reached XP level 5. HP: 11/30 MP: 9/9
  1949 | D:2      | 1949 ||| FLEEEEING.
  1951 | D:2      | 1951 ||| FLEEEEING.
  1952 | D:2      | 1952 ||| FLEEEEING.
  1953 | D:2      | 1953 ||| FLEEEEING.
  1953 | D:2      | HP: 7/30 [poisoned by an adder]
  1954 | D:2      | 1954 ||| FLEEEEING.
  1955 | D:2      | 1955 ||| FLEEEEING.
  1956 | D:2      | 1956 ||| FLEEEEING.
  1957 | D:2      | 1957 ||| FLEEEEING.
  1966 | D:2      | 1966 ||| FLEEEEING.
  1969 | D:2      | 1969 ||| STAIRDANCE
  2196 | D:2      | 2196 ||| STAIRDANCE
  2364 | D:2      | 2364 ||| FLEEEEING.
  2365 | D:2      | 2365 ||| FLEEEEING.
  2367 | D:2      | 2367 ||| FLEEEEING.
  2368 | D:2      | 2368 ||| FLEEEEING.
  2369 | D:2      | 2369 ||| FLEEEEING.
  2370 | D:2      | 2370 ||| FLEEEEING.
  2371 | D:2      | 2371 ||| FLEEEEING.
  2372 | D:2      | 2372 ||| FLEEEEING.
  2373 | D:2      | 2373 ||| FLEEEEING.
  2375 | D:2      | 2375 ||| FLEEEEING.
  2376 | D:2      | 2376 ||| FLEEEEING.
  2377 | D:2      | 2377 ||| FLEEEEING.
  2379 | D:2      | 2379 ||| FLEEEEING.
  2380 | D:2      | 2380 ||| FLEEEEING.
  2381 | D:2      | 2381 ||| FLEEEEING.
  2382 | D:2      | 2382 ||| FLEEEEING.
  2383 | D:2      | 2383 ||| FLEEEEING.
  2384 | D:2      | 2384 ||| FLEEEEING.
  2384 | D:2      | HP: 7/30 [poisoned by a kobold]
  2385 | D:2      | 2385 ||| FLEEEEING.
  2386 | D:2      | 2386 ||| FLEEEEING.
  2387 | D:2      | 2387 ||| FLEEEEING.
  2390 | D:2      | 2390 ||| STAIRDANCE
  2623 | D:1      | 2623 ||| DRINKING 2 red potions.
  2669 | D:2      | 2669 ||| Stepping ~*~*~tactically~*~*~ (hiding).
  2748 | D:2      | 2748 ||| Stepping ~*~*~tactically~*~*~ (stealth).
  2749 | D:2      | 2749 ||| Stepping ~*~*~tactically~*~*~ (stealth).
  2750 | D:2      | 2750 ||| Stepping ~*~*~tactically~*~*~ (stealth).
  2751 | D:2      | 2751 ||| Stepping ~*~*~tactically~*~*~ (stealth).
  2752 | D:2      | 2752 ||| Stepping ~*~*~tactically~*~*~ (stealth).
  2753 | D:2      | 2753 ||| Stepping ~*~*~tactically~*~*~ (stealth).
  2754 | D:2      | 2754 ||| Stepping ~*~*~tactically~*~*~ (stealth).
  2952 | D:2      | 2952 ||| READING 3 scrolls of identify.
  2952 | D:2      | 2952 ||| IDENTIFYING sedimented orange potion
  2953 | D:2      | 2953 ||| READING 2 scrolls of identify.
  2953 | D:2      | 2953 ||| IDENTIFYING glowing clear potion
  2954 | D:2      | 2954 ||| DROPPING potion of invisibility.
  3005 | D:3      | 3005 ||| STAIRDANCE
  3011 | D:2      | Reached skill level 6 in Axes
  3039 | D:3      | 3039 ||| STAIRDANCE
  3044 | D:3      | 3044 ||| STAIRDANCE
  3120 | D:3      | 3120 ||| FLEEEEING.
  3125 | D:3      | 3125 ||| STAIRDANCE
  3251 | D:3      | 3251 ||| Stepping ~*~*~tactically~*~*~ (stealth).
  3252 | D:3      | 3252 ||| Stepping ~*~*~tactically~*~*~ (stealth).
  3258 | D:3      | 3258 ||| Stepping ~*~*~tactically~*~*~ (hiding).
  3264 | D:3      | Killed from afar by an orc priest

Levels and vault maps discovered:
D:1:      minmay_arrival_four_houses, layout_basic
D:2:      layout_rooms, st_stairs_14, grunt_ministairs_6, minivault_24,
          minmay_misc_feat_pillars, uniq_robin
D:3:      layout_loops_cross, nicolae_wu_jian_immortal_techniques, uniq_jessica

Skill      XL: |  1  2  3  4  5 |
---------------+----------------+-----
Axes           | 3 4 5 6 |  6.4
Fighting       | |  2.0
Throwing       | |  1.0
Armour         | |  1.1
Dodging        | |  2.1
Spellcasting   | |  2.0
Translocations | |  2.4

Action                   |  1- 3 |  4- 6 || total
-------------------------+-------+-------++-------
Melee: Hand axe          |    88 |   120 ||   208
       Kick              |    20 |    23 ||    43
       Peck              |    11 |    21 ||    32
       Punch             |       |     1 ||     1
Throw: Boomerang         |     7 |       ||     7
  Use: Scroll            |     5 |     2 ||     7
       Potion            |       |     2 ||     2
Armor: Leather armour    |    23 |    34 ||    57
Dodge: Dodged            |    42 |    73 ||   115

Table legend:
 A = Non-vault XP
 B = Vault XP
 C = Vault XP percentage of total XP
 D = Non-vault monster count
 E = Vault monster count
 F = Vault count percentage of total count
                 A         B        C        D         E       F
            +---------+---------+-------+---------+---------+-------
      Total |     236 |      51 |  17.8 |      57 |      15 |  20.8
            +---------+---------+-------+---------+---------+-------
        D:1 |      49 |       0 |   0.0 |      28 |       0 |   0.0
        D:2 |     175 |      51 |  22.6 |      24 |      15 |  38.5
        D:3 |      12 |       0 |   0.0 |       5 |       0 |   0.0
            +---------+---------+-------+---------+---------+-------
